 Dungeon Crawl Stone Soup version 0.30-a0-377-g5cb311bc9f (webtiles) character file.

Game seed: 9882673018460696067

2773 bande the Chopper (level 9, -5/55 HPs)
             Began as a Gargoyle Fighter on Nov 29, 2022.
             Was an Elder of Okawaru.
             Killed from afar by an acid dragon (11 damage)
             ... with a splash of acid
             ... on level 6 of the Dungeon on Nov 30, 2022.
             The game lasted 00:14:11 (4542 turns).

bande the Chopper (Gargoyle Fighter)                Turns: 4542, Time: 00:14:11

Health: -5/55      AC: 12    Str: 19    XL:     9   Next: 70%
Magic:  12/12      EV:  6    Int: 10    God:    Okawaru [****..]
Gold:   402        SH:  9    Dex: 13    Spells: 8/8 levels left

rFire   . . .      SeeInvis .    a - +1 war axe (vamp)
rCold   . . .      Faith    .    b - +0 kite shield
rNeg    + . .      Spirit   .    v - +0 chain mail
rPois   ∞          Reflect  .    q - +0 helmet
rElec   +          Harm     .    (no cloak)
rCorr   .          Rampage  .    j - +1 pair of gloves
Will    .....                    (no boots)
Stlth   ..........               (no amulet)
HPRegen 0.29/turn                (no ring)
MPRegen 0.13/turn                (no ring)

@: corroded
A: sickness immunity, AC +6, negative energy resistance 1, electricity
resistance, torment resistance 1, petrification resistance
a: Renounce Religion, Heroism, Finesse


You were on level 6 of the Dungeon.
You worshipped Okawaru.
Okawaru was greatly pleased with you.
You visited 2 branches of the dungeon, and saw 7 of its levels.

You collected 402 gold pieces.

Inventory:

Hand Weapons
 a - a +1 vampiric war axe (weapon)
 g - a +0 flail
Armour
 b - a +0 kite shield (worn)
 j - a +1 pair of gloves (worn)
 q - a +0 helmet (worn)
 v - a +0 chain mail (worn)
Jewellery
 k - an amulet of magic regeneration
 u - a ring of ice
Wands
 p - a wand of mindburst (20)
 s - a wand of roots (17)
 z - a wand of quicksilver (8)
Scrolls
 l - 2 scrolls of amnesia
 r - 2 scrolls of teleportation
 t - 2 scrolls of poison
 w - a scroll of blinking
Potions
 d - 2 potions of might
 e - 6 potions of heal wounds
 f - 5 potions of curing
 h - 2 potions of haste
 i - 2 potions of flight
 n - 3 potions of brilliance
 x - a potion of mutation {unknown}


   Skills:
 + Level 5.9 Fighting
 + Level 7.7 Axes
 + Level 6.4 Armour
 + Level 5.2 Shields
 * Level 4.6 Invocations
 * Level 4.1 Evocations


You had 8 spell levels left.
You didn't know any spells.
Your spell library contained the following spells:

 Spells                   Type           Power      Damage    Failure   Level
 Apportation              Tloc           0%         N/A       100%        1
 Ensorcelled Hibernation  Hex/Ice        0%         N/A       100%        2
 Momentum Strike          Conj/Tloc      0%         3d8       100%        2
 Passwall                 Tmut/Erth      0%         N/A       100%        2
 Swiftness                Air            0%         N/A       100%        3
 Alistair's Intoxication  Tmut/Pois      0%         N/A       100%        5


Dungeon Overview and Level Annotations

Branches:
Dungeon (6/15)             Temple (1/1) D:4

Altars:
Ashenzari
Hepliaklqana
Kikubaaqudgha
Okawaru
Ru
Sif Muna
Zin
The Shining One

Shops:
D:6 [


Innate Abilities, Weirdness & Mutations

You are immune to sickness and miasma.
Your stone body is resilient. (AC +6)
You are immune to poison.
You resist negative energy. (rN+)
You are resistant to electric shocks. (rElec)
You are resistant to unholy torment.
You are immune to petrification.


Message History

The adder bites you.
You miss the adder.
The adder is moderately wounded.
You block the adder's attack. The adder bites you but does no damage.
You slash the adder!
You feel better.
You kill the adder!
Okawaru accepts your kill.
No target in view!
No target in view!
No target in view!
No target in view!
No target in view!
No target in view!
No target in view!
There is an entrance to Umouj's Antique Armour Shoppe here.
You can access your shopping list by pressing '$'.
You now have 402 gold pieces (gained 10).
f - 5 potions of curing (gained 2)
Found a club.
An acid dragon comes into view.
Found a broken altar of Ashenzari.
The acid dragon spits acid at you.
The splash of acid hits you but does no damage.
The acid dragon spits acid at you. The splash of acid hits you!!
The acid corrodes you!
You hear a shout!
The acid dragon spits acid at you. The splash of acid hits you!!
* * * LOW HITPOINT WARNING * * *
The acid corrodes you!
You hear a shout!
You hit the acid dragon but do no damage.
The acid dragon bites you!
* * * LOW HITPOINT WARNING * * *
The acid dragon barely misses you. You block the acid dragon's attack.
The acid dragon claws you but does no damage.
You closely miss the acid dragon. The acid dragon spits acid at you.
The splash of acid hits you!
You die...

...§.§_......#
..≈≈...§≈...#
#.≈.....§...
#...≈.§...#
#..≈≈.§≈..#
#)......# #..D..#
#.@#.# ##.#.#
######...###
............#######
#######
..#########.##....#
......
........##....#
....#
..............#
....##
........#.....#
.....#
.)......#.....#


You could see an acid dragon (catching breath).

Vanquished Creatures
  A two-headed ogre (D:5)
  Pikel (D:4)
  Grinder (D:5)
  Eustachio (D:4)
  An ice beast (D:6)
  2 ogres
  A phantom (D:5)
  A kobold brigand (D:6)
  A scorpion (D:4)
  A necrophage (D:6)
  An orc priest (D:4)
  2 hounds
  2 jellies
  Natasha (D:3)
  Ijyb (D:3)
  Jessica (D:3)
  6 orc wizards
  7 iguanas
  Robin (D:3)
  8 gnolls (D:4)
  7 adders
  An ufetubus (D:5)
  3 worms
  7 dart slugs
  22 orcs
  5 ball pythons
  12 bats
  4 endoplasms
  4 giant cockroaches
  13 hobgoblins
  9 jackals
  5 quokkas
  A frilled lizard (D:1)
  15 goblins
  12 kobolds
  8 rats
169 creatures vanquished.

Vanquished Creatures (others)
  A demonic plant (D:3)
1 creature vanquished.

Grand Total: 170 creatures vanquished

Notes
Turn   | Place    | Note
-------+----------+-------------------------------------------
     0 | D:1      | bande the Gargoyle Fighter began the quest for the Orb.
     0 | D:1      | Reached XP level 1. HP: 14/14 MP: 1/1
    90 | D:1      | Reached XP level 2. HP: 19/19 MP: 2/2
   183 | D:1      | Reached skill level 2 in Axes
   536 | D:1      | Reached XP level 3. HP: 18/24 MP: 3/3
   863 | D:2      | Reached XP level 4. HP: 29/29 MP: 4/4
  1237 | D:3      | Reached skill level 3 in Axes
  1263 | D:3      | Noticed Jessica
  1265 | D:3      | Killed Jessica
  1271 | D:3      | Got Jessica's Meditations on the Jaunt
  1288 | D:3      | Reached XP level 5. HP: 33/33 MP: 5/5
  1320 | D:3      | Noticed Natasha
  1329 | D:3      | Killed Natasha
  1375 | D:3      | Noticed Robin
  1427 | D:3      | Killed Robin
  1716 | D:3      | Found a faded altar of an unknown god.
  1725 | D:3      | Found a shimmering blue altar of Sif Muna.
  1825 | D:3      | Noticed Ijyb
  1853 | D:3      | Killed Ijyb
  1854 | D:3      | Reached skill level 4 in Axes
  1854 | D:3      | Reached XP level 6. HP: 32/38 MP: 6/6
  2162 | D:4      | Found a large runed translucent door.
  2162 | D:4      | Found a large runed translucent door.
  2328 | D:4      | Found a staircase to the Ecumenical Temple.
  2338 | D:4      | Reached skill level 1 in Evocations
  2355 | Temple   | Entered the Ecumenical Temple
  2372 | Temple   | Became a worshipper of Warmaster Okawaru
  2457 | D:4      | Reached XP level 7. HP: 42/44 MP: 7/7
  2474 | D:4      | Reached skill level 1 in Invocations
  2557 | D:4      | Noticed Eustachio
  2574 | D:4      | Killed Eustachio
  2575 | D:4      | Reached skill level 5 in Axes
  2575 | D:4      | Reached skill level 5 in Armour
  2646 | D:4      | Noticed Pikel
  2678 | D:4      | Killed Pikel
  2678 | D:4      | Reached * piety under Okawaru
  2678 | D:4      | Reached ** piety under Okawaru
  2679 | D:4      | Reached skill level 5 in Fighting
  2679 | D:4      | Reached XP level 8. HP: 43/49 MP: 8/10
  2757 | D:4      | Reached skill level 6 in Axes
  2958 | D:4      | Found a glowing golden altar of the Shining One.
  3136 | D:4      | Found a glowing silver altar of Zin.
  3139 | D:4      | Found a hazy altar of Hepliaklqana.
  3161 | D:5      | Entered Level 5 of the Dungeon
  3456 | D:5      | Noticed Grinder
  3470 | D:5      | Paralysed by Grinder for 5 turns
  3505 | D:5      | Paralysed by Grinder for 2 turns
  3518 | D:5      | Paralysed by Grinder for 2 turns
  3522 | D:5      | Killed Grinder
  3684 | D:5      | Reached XP level 9. HP: 54/54 MP: 11/11
  3720 | D:5      | Found a sacrificial altar of Ru.
  4091 | D:5      | Noticed a two-headed ogre
  4112 | D:5      | Killed a two-headed ogre
  4112 | D:5      | Reached *** piety under Okawaru
  4112 | D:5      | Received a gift from Okawaru
  4113 | D:5      | Reached skill level 7 in Axes
  4113 | D:5      | Reached skill level 5 in Shields
  4468 | D:6      | Found Umouj's Antique Armour Shoppe.
  4486 | D:6      | Reached **** piety under Okawaru
  4532 | D:6      | Found a broken altar of Ashenzari.
  4542 | D:6      | Killed from afar by an acid dragon

Illustrated notes

Levels and vault maps discovered:
D:1:      dpeg_arrival_boxorama, layout_rooms, hex_intersection
D:2:      layout_rooms
D:3:      layout_loops_corners, nicolae_sif_muna_condensation, serial_glass,
          glass_columns_a, glass_columns_c,
          dreamdust_ecumenical_altar_sealed_demon, grunt_ministairs_6,
          kennysheep_jessica_study, uniq_ijyb, uniq_robin, uniq_natasha
D:4:      layout_basic, lemuel_doored_altar, jmf_multi_god_temple2,
          minmay_temple_entry_fiery, hangedman_abyss_or_decor_stagger,
          minmay_bent, uniq_eustachio, uniq_pikel
D:5:      layout_basic, nicolae_ru_the_path_less_chosen, uniq_grinder
D:6:      layout_rooms, mainiacjoe_overflow_small_starburst, minitemple,
          serial_shops, shop, minmay_door_square
Temple:   oiseaux_autumnal_temple

Skill      XL: |  1  2  3  4  5  6  7  8  9 |
---------------+----------------------------+-----
Axes           | 2 3 4 5 6 7 |  7.7
Armour         | 4 5 6 |  6.4
Fighting       | 4 5 |  5.9
Shields        | 4 5 |  5.2
Evocations     | 1 2 3 4 |  4.1
Invocations    | 2 3 4 |  4.6

Action                   |  1- 3 |  4- 6 |  7- 9 || total
-------------------------+-------+-------+-------++-------
Melee: War axe           |   103 |   236 |   294 ||   633
  Use: Scroll            |     5 |     6 |     7 ||    18
       Potion            |       |     2 |     2 ||     4
Armor: Scale mail        |    61 |   182 |    66 ||   309
       Chain mail        |       |       |   129 ||   129
Dodge: Dodged            |    51 |   108 |   104 ||   263
Block: Buckler           |    18 |    65 |    47 ||   130
       Kite shield       |       |       |    36 ||    36

Table legend: (Time is in decaauts)
 A = Elapsed time spent in this place.
 B = Non-inter-level travel time spent in this place.
 C = Inter-level travel time spent in this place.
 D = Time resting spent in this place.
 E = Time spent auto-exploring this place.
 F = Levels seen in this place.
 G = Mean time per level.
                   A        B        C        D        E       F      G
               +--------+--------+--------+--------+--------+-----+--------+
         Total |   4747 |   4626 |    121 |    319 |   2765 |   7 |  678.1 |
       Dungeon |   4711 |   4606 |    105 |    319 |   2758 |   6 |  785.2 |
        Temple |     35 |     19 |     16 |      0 |      7 |   1 |   35.0 |
               +--------+--------+--------+--------+--------+-----+--------+

Top non-repeatable levels by time:
     D:5: 1218 daAuts
     D:3: 1114 daAuts
     D:4: 1043 daAuts
     D:1: 661 daAuts
     D:2: 466 daAuts
     D:6: 207 daAuts
  Temple: 35 daAuts
